| TOP OF THE 1ST |
|
Columbus Reds batting - Pitching for Niagara Falls Phantoms : RHP Khayyat bin Faruq
|
|
Pitching: RHP Khayyat bin Faruq
|
|
|
Batting: LHB Keith Egan
|
0-0: Called Strike 0-1: Called Strike 0-2: Ball 1-2: Ball 2-2: Ball 3-2: Strikes out swinging
|
|
Batting: RHB Sang-ton Pak
|
0-0: Called Strike 0-1: Ball 1-1: Swinging Strike 1-2: Ball 2-2: Ball 3-2: Strikes out swinging
|
|
Batting: RHB Pat McCoy
|
0-0: Ball 1-0: Ground out 6-3 (Groundball, 6, EV 104.4 MPH)
|
| Top of the 1st over - 0 runs, 0 hits, 0 errors, 0 left on base; Columbus 0 - Niagara Falls 0 |
| BOTTOM OF THE 1ST |
|
Niagara Falls Phantoms batting - Pitching for Columbus Reds : RHP Brian Trejo
|
|
Pitching: RHP Brian Trejo
|
|
|
Batting: LHB Aaron Joyner
|
0-0: Ball 1-0: DOUBLE (Flyball, 8RXD, EV 98.1 MPH)
|
|
Batting: SHB Mukhtar Wa'il
|
0-0: Ball 1-0: Foul Ball, location: 2F 1-1: Called Strike 1-2: Ball 2-2: Fly out, F7 (Flyball, 7LD, EV 98.8 MPH)
|
|
Batting: RHB Devon Utley
|
0-0: Called Strike 0-1: Ball 1-1: SINGLE (Line Drive, 56D, EV 95.6 MPH) Aaron Joyner to third
|
|
Batting: LHB Bart Davies
|
0-0: Ball Devon Utley steals 2nd base 1-0: Foul Ball, location: 2F 1-1: Foul Ball, location: 2F 1-2: Ball 2-2: Ball 3-2: Foul Ball, location: 2F 3-2: Fly out, F8 (Flyball, 8LM, EV 89.4 MPH)
|
|
Batting: RHB Alex Colon
|
0-0: Ball 1-0: Called Strike 1-1: Foul Ball, location: 2F 1-2: Ball 2-2: Ball 3-2: SINGLE (Groundball, 56D, EV 94.4 MPH) Aaron Joyner scores Devon Utley to third Throwing error, E7 Devon Utley scores Alex Colon to second
|
|
Batting: RHB Dale Altman
|
0-0: Ball 1-0: Called Strike 1-1: Called Strike 1-2: Strikes out swinging
|
| Bottom of the 1st over - 2 runs, 3 hits, 1 error, 1 left on base; Columbus 0 - Niagara Falls 2 |
| TOP OF THE 2ND |
|
Columbus Reds batting - Pitching for Niagara Falls Phantoms : RHP Khayyat bin Faruq
|
|
Batting: LHB Tim Kirk
|
0-0: Ball 1-0: Reached on error, E3 (Groundball, 34, EV 83.1 MPH)
|
|
Batting: RHB R.J. Romberg
|
0-0: Swinging Strike 0-1: Called Strike 0-2: Foul Ball, location: 2F 0-2: Strikes out looking
|
|
Batting: RHB Alex Villagomez
|
0-0: Ball 1-0: Ground out 5-3 (Groundball, 56S, EV 80.6 MPH)
|
|
Batting: RHB Fred Barbour
|
0-0: Ball 1-0: Ball 2-0: Ball 3-0: Base on Balls
|
|
Batting: LHB Elijah Benton
|
0-0: Ball 1-0: Swinging Strike 1-1: Swinging Strike 1-2: Foul Ball, location: 2F 1-2: Strikes out swinging
|
| Top of the 2nd over - 0 runs, 0 hits, 1 error, 2 left on base; Columbus 0 - Niagara Falls 2 |
| BOTTOM OF THE 2ND |
|
Niagara Falls Phantoms batting - Pitching for Columbus Reds : RHP Brian Trejo
|
|
Batting: RHB Mark Stafford
|
0-0: Called Strike 0-1: Ground out 5-3 (Groundball, 56S, EV 91.2 MPH)
|
|
Batting: RHB Christian Shearer
|
0-0: SINGLE (Groundball, 56D, EV 105.0 MPH)
|
|
Batting: RHB John Sprenkel
|
0-0: SINGLE (Groundball, 15S, EV 60.6 MPH) (infield hit) Christian Shearer to second
|
|
Batting: LHB Aaron Joyner
|
0-0: Ball Christian Shearer steals 3rd base (no throw) John Sprenkel to second 1-0: Ball 2-0: Ball 3-0: Base on Balls
|
|
Batting: SHB Mukhtar Wa'il
|
0-0: Swinging Strike 0-1: Hit by Pitch Christian Shearer scores John Sprenkel to third Aaron Joyner to second
|
|
Batting: RHB Devon Utley
|
0-0: Called Strike 0-1: Ball 1-1: Ball 2-1: Foul Ball, location: 2F 2-2: Foul Ball, location: 2F 2-2: Strikes out looking
|
|
Batting: LHB Bart Davies
|
0-0: Foul Ball, location: 2F 0-1: Swinging Strike 0-2: DOUBLE (Line Drive, 7LD, EV 105.0 MPH) John Sprenkel scores Aaron Joyner scores Mukhtar Wa'il to third Runner from 3rd tries for Home, SAFE, throw by LF to trailing runner, SAFE at third!
|
|
Batting: RHB Alex Colon
|
0-0: Foul Ball, location: 2F 0-1: Ball 1-1: Foul Ball, location: 2F 1-2: Fly out, F7 (Flyball, 78S, EV 92.5 MPH)
|
| Bottom of the 2nd over - 4 runs, 3 hits, 0 errors, 1 left on base; Columbus 0 - Niagara Falls 6 |
| TOP OF THE 3RD |
|
Columbus Reds batting - Pitching for Niagara Falls Phantoms : RHP Khayyat bin Faruq
|
|
Batting: RHB Alex de Leon
|
0-0: Called Strike 0-1: Called Strike 0-2: Strikes out looking
|
|
Batting: LHB Keith Egan
|
0-0: Called Strike 0-1: Called Strike 0-2: Foul Ball, location: 2F 0-2: Ball 1-2: Ball 2-2: Ball 3-2: Foul Ball, location: 2F 3-2: SINGLE (Line Drive, 4D, EV 100.6 MPH)
|
|
Batting: RHB Sang-ton Pak
|
0-0: Ball Keith Egan is caught stealing 2nd base 2-4 1-0: Ball 2-0: DOUBLE (Flyball, 8LXD, EV 96.9 MPH)
|
|
Batting: RHB Pat McCoy
|
0-0: Ball 1-0: Foul Ball, location: 2F 1-1: Ball 2-1: Fly out, F9 (Line Drive, 9, EV 90.6 MPH)
|
| Top of the 3rd over - 0 runs, 2 hits, 0 errors, 1 left on base; Columbus 0 - Niagara Falls 6 |
| BOTTOM OF THE 3RD |
|
Niagara Falls Phantoms batting - Pitching for Columbus Reds : RHP Brian Trejo
|
|
Batting: RHB Dale Altman
|
0-0: Ball 1-0: SINGLE (Line Drive, 78S, EV 93.8 MPH)
|
|
Batting: RHB Mark Stafford
|
0-0: Called Strike 0-1: Ball 1-1: SINGLE (Groundball, 56D, EV 104.4 MPH) Dale Altman to second
|
|
Batting: RHB Christian Shearer
|
0-0: Ball 1-0: Ball 2-0: Ball 3-0: Called Strike 3-1: Foul Ball, location: 2F 3-2: Foul Ball, location: 2F 3-2: Base on Balls Dale Altman to third Mark Stafford to second
|
|
Pitching: RHP Kyle Vance
|
|
|
Batting: RHB John Sprenkel
|
0-0: Grounds into double play, 4-6-3 (Groundball, 4M, EV 83.1 MPH) Dale Altman scores Mark Stafford to third
|
|
Batting: LHB Aaron Joyner
|
0-0: Ball 1-0: Ball 2-0: 2-RUN HOME RUN (Flyball, 9LD, EV 90.6 MPH), Distance : 331 ft
|
|
Batting: SHB Mukhtar Wa'il
|
0-0: Called Strike 0-1: Ball 1-1: Ball 2-1: Swinging Strike 2-2: Foul Ball, location: 2F 2-2: Hit by Pitch
|
|
Batting: RHB Devon Utley
|
0-0: Ball Wild Pitch! Mukhtar Wa'il to second 1-0: Swinging Strike 1-1: Fly out, F7 (Line Drive, 7, EV 100.0 MPH)
|
| Bottom of the 3rd over - 3 runs, 3 hits, 0 errors, 1 left on base; Columbus 0 - Niagara Falls 9 |
| TOP OF THE 4TH |
|
Columbus Reds batting - Pitching for Niagara Falls Phantoms : RHP Khayyat bin Faruq
|
|
Batting: LHB Tim Kirk
|
0-0: Ball 1-0: Ball 2-0: Foul Ball, location: 2F 2-1: Fly out, F7 (Flyball, 7S, EV 90.0 MPH)
|
|
Batting: RHB R.J. Romberg
|
0-0: Ball 1-0: Ball 2-0: Ball 3-0: Called Strike 3-1: Called Strike 3-2: Strikes out looking
|
|
Batting: RHB Alex Villagomez
|
0-0: Called Strike 0-1: Fly out, F8 (Flyball, 8LD, EV 88.1 MPH)
|
| Top of the 4th over - 0 runs, 0 hits, 0 errors, 0 left on base; Columbus 0 - Niagara Falls 9 |
| BOTTOM OF THE 4TH |
|
Niagara Falls Phantoms batting - Pitching for Columbus Reds : RHP Kyle Vance
|
|
Batting: LHB Bart Davies
|
0-0: Ball 1-0: Swinging Strike 1-1: Foul Ball, location: 2F 1-2: Strikes out swinging
|
|
Batting: RHB Alex Colon
|
0-0: Called Strike 0-1: Ball 1-1: Called Strike 1-2: Ball 2-2: Foul Ball, location: 2F 2-2: Foul Ball, location: 2F 2-2: DOUBLE (Flyball, 8LXD, EV 92.5 MPH)
|
|
Batting: RHB Dale Altman
|
0-0: Called Strike 0-1: Called Strike 0-2: SINGLE (Groundball, 56D, EV 95.0 MPH) Alex Colon to third Runner from 3rd tries for Home, SAFE, throw by LF to home
|
|
Pitching: RHP Matt Cronin
|
|
|
Batting: RHB Mark Stafford
|
0-0: Ball 1-0: Foul Ball, location: 2F 1-1: Fielders Choice at 2nd, 6-4 (Groundball, 6, EV 110.0 MPH)
|
|
Batting: RHB Christian Shearer
|
0-0: Foul Ball, location: 2F 0-1: Called Strike 0-2: Ground out 4-3 (Groundball, 4, EV 82.5 MPH)
|
| Bottom of the 4th over - 1 run, 2 hits, 0 errors, 1 left on base; Columbus 0 - Niagara Falls 10 |
| TOP OF THE 5TH |
|
Columbus Reds batting - Pitching for Niagara Falls Phantoms : RHP Khayyat bin Faruq
|
|
Batting: RHB Fred Barbour
|
0-0: Ball 1-0: Ball 2-0: Ball 3-0: Called Strike 3-1: Called Strike 3-2: Fly out, F7 (Flyball, 7S, EV 85.0 MPH)
|
|
Batting: LHB Elijah Benton
|
0-0: Ball 1-0: Ground out 6-3 (Groundball, 6M, EV 105.6 MPH)
|
|
Batting: RHB Alex de Leon
|
0-0: Ball 1-0: Swinging Strike 1-1: Foul Ball, location: 2F 1-2: Strikes out swinging
|
| Top of the 5th over - 0 runs, 0 hits, 0 errors, 0 left on base; Columbus 0 - Niagara Falls 10 |
| BOTTOM OF THE 5TH |
|
Niagara Falls Phantoms batting - Pitching for Columbus Reds : RHP Matt Cronin
|
|
Batting: RHB John Sprenkel
|
0-0: SINGLE (Groundball, 34, EV 94.4 MPH)
|
|
Batting: LHB Aaron Joyner
|
0-0: Ball 1-0: Fly out, F8 (Flyball, 78D, EV 97.5 MPH)
|
|
Batting: SHB Mukhtar Wa'il
|
0-0: Ball 1-0: Called Strike 1-1: Fly out, F6 (Popup, 6S, EV 80.0 MPH)
|
|
Batting: RHB Devon Utley
|
0-0: Called Strike 0-1: Foul Ball, location: 2F 0-2: Ball 1-2: Ball Wild Pitch! John Sprenkel to second 2-2: Foul Ball, location: 2F 2-2: Ball 3-2: Strikes out swinging
|
| Bottom of the 5th over - 0 runs, 1 hit, 0 errors, 1 left on base; Columbus 0 - Niagara Falls 10 |
| TOP OF THE 6TH |
|
Columbus Reds batting - Pitching for Niagara Falls Phantoms : RHP Khayyat bin Faruq
|
|
Batting: LHB Keith Egan
|
0-0: Ball 1-0: Ball 2-0: Ball 3-0: Called Strike 3-1: Base on Balls
|
|
Batting: RHB Sang-ton Pak
|
0-0: Called Strike Keith Egan steals 2nd base 0-1: Called Strike 0-2: Strikes out swinging
|
|
Batting: RHB Pat McCoy
|
0-0: Ball 1-0: Called Strike 1-1: Ball 2-1: Foul Ball, location: 2F 2-2: Ball 3-2: Foul Ball, location: 2F 3-2: Base on Balls
|
|
Batting: LHB Tim Kirk
|
0-0: Swinging Strike 0-1: Ball 1-1: Ball 2-1: Swinging Strike 2-2: Ball 3-2: Strikes out swinging
|
|
Batting: RHB R.J. Romberg
|
0-0: Called Strike 0-1: Foul Ball, location: 2F 0-2: Ground out 4-3 (Groundball, 4, EV 78.1 MPH)
|
| Top of the 6th over - 0 runs, 0 hits, 0 errors, 2 left on base; Columbus 0 - Niagara Falls 10 |
| BOTTOM OF THE 6TH |
|
Niagara Falls Phantoms batting - Pitching for Columbus Reds : RHP Matt Cronin
|
|
Pitching: RHP Dave Baber
|
|
|
Batting: LHB Bart Davies
|
0-0: Ball 1-0: Ball 2-0: Foul Ball, location: 2F 2-1: Ball 3-1: Reached on error, E4 (Groundball, 4, EV 86.9 MPH)
|
|
Batting: RHB Alex Colon
|
0-0: Ball 1-0: Called Strike 1-1: Ball 2-1: Swinging Strike 2-2: Strikes out looking
|
|
Batting: RHB Dale Altman
|
0-0: Grounds into double play, 5-4-3 (Groundball, 5L, EV 105.6 MPH)
|
| Bottom of the 6th over - 0 runs, 0 hits, 1 error, 0 left on base; Columbus 0 - Niagara Falls 10 |
| TOP OF THE 7TH |
|
Columbus Reds batting - Pitching for Niagara Falls Phantoms : RHP Khayyat bin Faruq
|
|
Batting: RHB Alex Villagomez
|
0-0: Called Strike 0-1: Ball 1-1: Called Strike 1-2: Foul Ball, location: 2F 1-2: Strikes out swinging
|
|
Batting: RHB Fred Barbour
|
0-0: Ball 1-0: Foul Ball, location: 2F 1-1: Ball 2-1: Called Strike 2-2: Strikes out looking
|
|
Batting: LHB Elijah Benton
|
0-0: Ball 1-0: Fly out, F7 (Flyball, 7D, EV 101.9 MPH)
|
| Top of the 7th over - 0 runs, 0 hits, 0 errors, 0 left on base; Columbus 0 - Niagara Falls 10 |
| BOTTOM OF THE 7TH |
|
Niagara Falls Phantoms batting - Pitching for Columbus Reds : RHP Dave Baber
|
|
Batting: RHB Mark Stafford
|
0-0: Ground out 6-3 (Groundball, 6S, EV 70.0 MPH)
|
|
Pinch Hitting: RHB Iften Olujimi
|
0-0: Fly out, F8 (Flyball, 8RD, EV 97.5 MPH)
|
|
Pinch Hitting: RHB Ben Jennings
|
0-0: Ball 1-0: Fly out, F7 (Flyball, 8LM, EV 91.2 MPH)
|
| Bottom of the 7th over - 0 runs, 0 hits, 0 errors, 0 left on base; Columbus 0 - Niagara Falls 10 |
| TOP OF THE 8TH |
|
Columbus Reds batting - Pitching for Niagara Falls Phantoms : RHP Khayyat bin Faruq
|
|
Now at 2B: David Stewart
|
|
|
Now in RF: Alfredo Rodriguez
|
|
|
Batting: RHB Alex de Leon
|
0-0: Called Strike 0-1: Foul Ball, location: 2F 0-2: Ball 1-2: Foul Ball, location: 2F 1-2: Ball 2-2: Foul Ball, location: 2F 2-2: Ball 3-2: Foul Ball, location: 2F 3-2: Strikes out looking
|
|
Pitching: RHP Ben Cunningham
|
|
|
Batting: LHB Keith Egan
|
0-0: SINGLE (Line Drive, 78S, EV 106.9 MPH)
|
|
Batting: RHB Sang-ton Pak
|
0-0: Ball 1-0: Ball 2-0: Ball 3-0: Called Strike 3-1: Fielders Choice at 2nd, 5-4 (Groundball, 56, EV 101.9 MPH)
|
|
Batting: RHB Pat McCoy
|
0-0: Called Strike 0-1: SINGLE (Groundball, 4MD, EV 105.0 MPH) Sang-ton Pak to second
|
|
Batting: LHB Tim Kirk
|
0-0: Called Strike 0-1: SINGLE (Flyball, 5D, EV 94.4 MPH) Sang-ton Pak to third Pat McCoy to second Runner from 3rd tries for Home, SAFE, throw by LF to home
|
|
Batting: RHB R.J. Romberg
|
0-0: Ball 1-0: Called Strike 1-1: Called Strike 1-2: Ball 2-2: Strikes out swinging
|
| Top of the 8th over - 1 run, 3 hits, 0 errors, 2 left on base; Columbus 1 - Niagara Falls 10 |
| BOTTOM OF THE 8TH |
|
Niagara Falls Phantoms batting - Pitching for Columbus Reds : RHP Dave Baber
|
|
Batting: LHB Aaron Joyner
|
0-0: Called Strike 0-1: Foul Ball, location: 2F 0-2: Ball 1-2: Foul Ball, location: 2F 1-2: Foul Ball, location: 2F 1-2: Foul Ball, location: 2F 1-2: Foul Ball, location: 2F 1-2: Fly out, F8 (Line Drive, 8RD, EV 90.0 MPH)
|
|
Pinch Hitting: RHB Bryan Massey
|
0-0: Called Strike 0-1: Ball 1-1: SINGLE (Groundball, 56D, EV 108.1 MPH)
|
|
Batting: RHB Devon Utley
|
0-0: Called Strike 0-1: Ball 1-1: SINGLE (Groundball, 56D, EV 96.2 MPH) Bryan Massey to second
|
|
Batting: LHB Bart Davies
|
0-0: Ball 1-0: Ball 2-0: Ball 3-0: Base on Balls Bryan Massey to third Devon Utley to second
|
|
Pinch Hitting: LHB Dale Anderson
|
0-0: Ball 1-0: Called Strike 1-1: Ball 2-1: Ball 3-1: Base on Balls Bryan Massey scores Devon Utley to third Bart Davies to second
|
|
Pitching: LHP Davy Thorne
|
|
|
Batting: RHB Dale Altman
|
0-0: SINGLE (Line Drive, 8LS, EV 90.6 MPH) Devon Utley scores Bart Davies to third Dale Anderson to second
|
|
Batting: RHB Mark Stafford
|
0-0: Foul Ball, location: 2F 0-1: Fielders Choice at 2nd, 6-4 (Groundball, 6, EV 89.4 MPH) Bart Davies scores Dale Anderson to third
|
|
Batting: RHB Alfredo Rodriguez
|
0-0: Ball 1-0: Foul Ball, location: 2F 1-1: Ball 2-1: Ball 3-1: Called Strike 3-2: Strikes out swinging
|
| Bottom of the 8th over - 3 runs, 3 hits, 0 errors, 2 left on base; Columbus 1 - Niagara Falls 13 |
| TOP OF THE 9TH |
|
Columbus Reds batting - Pitching for Niagara Falls Phantoms : RHP Ben Cunningham
|
|
Now at 1B: Sam Hubbert
|
|
|
Now in LF: Jose Lebron
|
|
|
Batting: RHB Alex Villagomez
|
0-0: Foul Ball, location: 2F 0-1: Ball 1-1: Ball 2-1: Swinging Strike 2-2: Foul Ball, location: 2F 2-2: Ball 3-2: Strikes out swinging
|
|
Batting: RHB Fred Barbour
|
0-0: Ball 1-0: Foul Ball, location: 2F 1-1: Ball 2-1: Foul Ball, location: 2F 2-2: Foul Ball, location: 2F 2-2: Ball 3-2: Strikes out swinging
|
|
Batting: LHB Elijah Benton
|
0-0: Foul Ball, location: 2F 0-1: Foul Ball, location: 2F 0-2: Foul Ball, location: 2F 0-2: Ball 1-2: Ball 2-2: Strikes out looking
|
| Top of the 9th over - 0 runs, 0 hits, 0 errors, 0 left on base; Columbus 1 - Niagara Falls 13 |
|